 Dungeon Crawl Stone Soup version 0.30-a0-1082-g70414cbcbb (webtiles) character file.

Game seed: 5323387324388229488

152 kae the Chopper (level 5, -1/45 HPs)
             Began as a Hill Orc Fighter on Apr 15, 2023.
             Slain by a hobgoblin (3 damage)
             ... on level 4 of the Dungeon.
             The game lasted 00:01:20 (2892 turns).

kae the Chopper (Hill Orc Fighter)                  Turns: 2892, Time: 00:01:20

Health: -1/45      AC:  1    Str: 21    XL:     5   Next: 34%
Magic:  5/5        EV:  9    Int:  8    God:
Gold:   156        SH:  4    Dex: 10    Spells: 4/4 levels left

rFire   . . .      SeeInvis .    a - +0 war axe
rCold   . . .      Faith    .    c - +0 buckler
rNeg    . . .      Spirit   .    b - +0 scale mail
rPois   .          Reflect  .    (no helmet)
rElec   .          Rampage  .    (no cloak)
rCorr   .                        (no gloves)
Will    .....                    m - +1 pair of boots Stlth
                                 (no amulet)
HPRegen 0.27/turn                (no ring)
MPRegen 0.09/turn                (no ring)

@: corroded
A: no striking features
a: no special abilities


You were on level 4 of the Dungeon.
You visited 1 branch of the dungeon, and saw 4 of its levels.

You collected 156 gold pieces.


   Skills:
 - Level 3.6 Fighting
 + Level 7.1 Axes
 - Level 3.2 Armour
 - Level 3.2 Shields


You had 4 spell levels left.
You didn't know any spells.
Your spell library was empty.

Inventory:

Hand Weapons
 a - a +0 war axe (weapon)
Missiles
 e - 30 stones (quivered)
 k - 6 poisoned darts
Armour
 b - a +0 scale mail (worn)
 c - a +0 buckler (worn)
 m - a +1 pair of boots (worn)
   (You found it on level 1 of the Dungeon)
Scrolls
 f - a scroll of poison {unknown}
 h - a scroll of magic mapping {!r}
 i - a scroll of blinking {!r}
 j - 2 scrolls of teleportation {@r4}
 l - a scroll of fear
Potions
 d - 2 potions of might
 g - 3 potions of lignification {!q}
 n - a potion of invisibility
 o - a potion of curing {unknown}
 p - a potion of cancellation {unknown}
 q - 3 potions of heal wounds {@q2}
 t - a potion of attraction {!q}

Dungeon Overview and Level Annotations

Branches:
Dungeon (4/15) Zot: 21054
 Temple: D:4-7

Altars:
Nemelex Xobeh

##.......##
##...[..# #
##....##
#.## ##...#
....# ##.###
.....# #..#
......###[.#
......g.#.##
#.....J@..#
##........#
###.......#
####..###
#..# ..##
#..# ...#


You could see a jelly and a hobgoblin.


Message History

You slash the gnoll! The gnoll completely misses you.
You are too injured to fight recklessly!
You are too injured to fight recklessly!
You hit the gnoll.
The gnoll hits you with a +0 spear. 😮 HP[-2]
You take 2 damage, and now have 29/45 hp.
You hit the gnoll but do no damage. The gnoll hits you with a +0 spear.
The gnoll barely misses you. 😮 HP[-3]
You take 3 damage, and now have 26/45 hp.
You slash the gnoll!
You kill the gnoll!
You see here a +0 spear. 😮 HP[+1] Unknown command.
Key pressed, stopping explore.
Unknown command. 😎 HP[+18]
Your hp is fully restored (45).
You now have 156 gold pieces (gained 17).
d - 2 potions of might (gained 1)
A kobold comes into view. It is wielding a +0 dagger.
The kobold shouts!
Unknown command.
A kobold is nearby!
A kobold is nearby!
A kobold is nearby!
The kobold hits you but does no damage.
You slash the kobold!
You kill the kobold!
e - 30 stones (gained 3)
Things that are here:
a +0 dagger; a kobold corpse
q - 2 potions of heal wounds {@q2} (gained 1)
f - a scroll labelled QOAMAPTOTUR No target in view!
No target in view!
Found a stone staircase leading down.
No target in view!
No target in view!
Things that are here:
a +0 dagger; a kobold corpse A goblin comes into view.
It is wielding a +0 dagger.
The goblin shouts!
A goblin is nearby!
You block the goblin's attack.
You slash the goblin!
You kill the goblin!
q - 3 potions of heal wounds {@q2} (gained 1)
Things that are here:
a +0 dagger; a goblin corpse A goblin comes into view.
It is wielding a +0 club.
Found a helmet.
Found a stone staircase leading down.
A goblin is nearby!
A goblin is nearby!
The goblin barely misses you.
You completely miss the goblin. You block the goblin's attack.
You slash the goblin!
You kill the goblin!
No target in view!
You see here a +0 buckler.
A jelly comes into view.
The jelly quivers.
The jelly moves out of view.
A hobgoblin comes into view.
The jelly hits you but does no damage.
You hit the jelly.
Your hands burn!
The jelly hits you but does no damage.
You hit the jelly. The acid corrodes you!
Your hands burn!
The jelly hits you.
You are splashed with acid! 😮 HP[-15]
You take 15 damage, and now have 30/45 hp.
MASSIVE DAMAGE!! (PAUSE)
You slash the jelly!
Your hands burn!
The jelly hits you but does no damage. 😮 HP[-2]
You take 2 damage, and now have 28/45 hp.
Unknown command.
You hit the jelly.
Your hands burn!
The jelly hits you. The acid corrodes you!
You are splashed with acid!
* * * LOW HITPOINT WARNING * * *
😨 HP[-9]
You take 9 damage, and now have 19/45 hp.
You hit the jelly but do no damage.
Your hands burn!
* * * LOW HITPOINT WARNING * * *
The jelly hits you.
* * * LOW HITPOINT WARNING * * *
You are splashed with acid!
* * * LOW HITPOINT WARNING * * *
😱 HP[-9]
You take 9 damage, and now have 10/45 hp.
Unknown command.
You hit the jelly.
Your hands burn!
* * * LOW HITPOINT WARNING * * *
You closely miss the hobgoblin. The hobgoblin hits you.
* * * LOW HITPOINT WARNING * * *
The jelly hits you.
* * * LOW HITPOINT WARNING * * *
You are splashed with acid.
* * * LOW HITPOINT WARNING * * *
The hobgoblin hits you.
You die...

Skill      XL: |  1  2  3  4  5 |
---------------+----------------+-----
Axes           | 3 4 5 6 7 |  7.1
Fighting       | |  3.6
Armour         | |  3.2
Shields        | |  3.2

Action                     |  1- 3 |  4- 6 || total
---------------------------+-------+-------++-------
  Melee: War axe           |   107 |    76 ||   183
    Use: Scroll            |     1 |     9 ||    10
 Armour: Scale mail        |    49 |    31 ||    80
  Dodge: Dodged            |    46 |    38 ||    84
  Block: Buckler           |    26 |    14 ||    40

Levels and vault maps discovered:
D:1:      dpeg_arrival_pond, layout_basic
D:2:      layout_basic, grunt_ministairs_11
D:3:      layout_basic, nemelex_diamond_rough_becter
D:4:      layout_cave_pods, nicolae_overflow_hidden_temple, zin_purify

Notes
Turn   | Place    | Note
-------+----------+-------------------------------------------
     0 | D:1      | kae the Hill Orc Fighter began the quest for the Orb.
     0 | D:1      | Reached XP level 1. HP: 19/19 MP: 1/1
     0 | D:1      | magus.rc [v1.11.3]
   108 | D:1      | Reached skill level 3 in Axes
   193 | D:1      | Reached XP level 2. HP: 16/26 MP: 2/2
   224 | D:1      | Reached skill level 4 in Axes
   712 | D:1      | Reached XP level 3. HP: 31/31 MP: 3/3
   982 | D:2      | Reached skill level 5 in Axes
  1264 | D:2      | Reached XP level 4. HP: 33/39 MP: 4/4
  1925 | D:3      | Found a sparkling altar of Nemelex Xobeh.
  2009 | D:3      | Reached skill level 6 in Axes
  2373 | D:3      | Reached XP level 5. HP: 45/45 MP: 5/5
  2607 | D:4      | Reached skill level 7 in Axes
  2891 | D:4      | HP: 10/45 [acid (7)]
  2892 | D:4      | HP: 2/45 [acid (5)]
  2892 | D:4      | Slain by a hobgoblin

Vanquished Creatures
  A sleepcap (D:3)
  3 gnolls (D:4)
  3 adders
  A worm (D:2)
  3 dart slugs
  2 orcs (D:3)
  6 endoplasms
  2 giant cockroaches
  9 goblins
  2 hobgoblins
  5 kobolds
  3 quokkas
  6 ball pythons (D:1)
  5 bats
  3 frilled lizards (D:1)
  7 rats
61 creatures vanquished.

Table legend:
 A = Non-vault XP
 B = Vault XP
 C = Vault XP percentage of total XP
 D = Non-vault monster count
 E = Vault monster count
 F = Vault count percentage of total count
                 A         B        C        D         E       F
            +---------+---------+-------+---------+---------+-------
      Total |     215 |       3 |   1.4 |      59 |       2 |   3.3
            +---------+---------+-------+---------+---------+-------
        D:1 |      40 |       0 |   0.0 |      25 |       0 |   0.0
        D:2 |      63 |       3 |   4.5 |      19 |       2 |   9.5
        D:3 |      64 |       0 |   0.0 |       9 |       0 |   0.0
        D:4 |      48 |       0 |   0.0 |       6 |       0 |   0.0
            +---------+---------+-------+---------+---------+-------

Illustrated notes

Table legend:
 A = Kills in this place as a percentage of kills in the entire game.
 B = Kills by you in this place as a percentage of kills by you in the entire game.
 C = Kills by friends in this place as a percentage of kills by friends in the entire game.
 D = Other kills in this place as a percentage of other kills in the entire game.
 E = Experience gained in this place as a percentage of experience gained in the entire game.
 F = Experience gained in this place divided by the number of levels of this place that you have seen.
                   A       B       C       D       E      F
               +-------+-------+-------+-------+-------+----------------------
         Total | 100.0 | 100.0 |   N/A |   N/A | 100.0 |  54.5
       Dungeon | 100.0 | 100.0 |   N/A |   N/A | 100.0 |  54.5
               +-------+-------+-------+-------+-------+----------------------

Table legend: (Time is in decaauts)
 A = Elapsed time spent in this place.
 B = Non-inter-level travel time spent in this place.
 C = Inter-level travel time spent in this place.
 D = Time resting spent in this place.
 E = Time spent auto-exploring this place.
 F = Levels seen in this place.
 G = Mean time per level.
                   A        B        C        D        E       F      G
               +--------+--------+--------+--------+--------+-----+--------+
         Total |   2944 |   2815 |    129 |      0 |   2360 |   4 |  736.0 |
       Dungeon |   2944 |   2815 |    129 |      0 |   2360 |   4 |  736.0 |
               +--------+--------+--------+--------+--------+-----+--------+

Top non-repeatable levels by time:
     D:1: 952 daAuts
     D:2: 852 daAuts
     D:3: 809 daAuts
     D:4: 329 daAuts
